 Dungeon Crawl Stone Soup version 0.28.0-53-g5a82cb258f (webtiles) character file.

Game seed: 13769059082782033546

8645 Stomo the Cudgeller (level 11, -1/58 HPs)
             Began as a Vine Stalker Ice Elementalist on June 22, 2022.
             Was a Believer of Wu Jian.
             Slain by Urug
             ... wielding a +3 battleaxe of freezing
              (5 damage)
             ... on level 10 of the Dungeon on June 23, 2022.
             The game lasted 00:43:42 (13088 turns).

Stomo the Cudgeller (VSIE)                         Turns: 13088, Time: 00:43:43

Health: -1/58      AC: 17    Str: 21    XL:     11   Next: 34%
Magic:  0/17       EV: 15    Int: 15    God:    Wu Jian [**....]
Gold:   442        SH:  0    Dex: 15    Spells: 5/16 levels left

rFire   . . .      SeeInvis .   q - +4 flail (drain)
rCold   . . .      Faith    .   (no shield)
rNeg    . . .      Spirit   +   G - +0 steam dragon scales
rPois   .          Reflect  .   d - +0 helmet
rElec   .          Harm     .   K - +2 cloak
rCorr   .          Rampage  .   (no gloves)
Will    +....                   (no boots)
Stlth   ++........              A - amulet of the acrobat
HPRegen 0.99/turn               m - +6 ring of strength
MPRegen 0.15/turn               x - ring of wizardry

@: ice-armoured, freezing walls
A: fangs 3, regeneration 1, magic shield, antimagic bite, no potion heal 2
a: Renounce Religion, Wall Jump


You were on level 10 of the Dungeon.
You worshipped Wu Jian.
Wu Jian was pleased with you.
You visited 2 branches of the dungeon, and saw 11 of its levels.

You collected 442 gold pieces.

Inventory:

Hand Weapons
 c - a +0 mace
 o - a +2 whip of freezing
 q - a +4 flail of draining (weapon)
Missiles
 E - a throwing net
Armour
 a - a +0 robe
 d - a +0 helmet (worn)
 l - a +0 leather armour
 n - a scarf of repulsion
 v - a +0 cloak
 B - +0 acid dragon scales
 G - +0 steam dragon scales (worn)
 K - a +2 cloak (worn)
Jewellery
 m - a +6 ring of strength (left hand)
 x - a ring of wizardry (right hand)
 A - an amulet of the acrobat (around neck)
Wands
 i - a wand of mindburst (12)
 y - a wand of iceblast (7)
 I - a wand of acid (5)
Scrolls
 b - 9 scrolls of identify {unknown}
 h - 4 scrolls of teleportation
 j - a scroll of fog {unknown}
 r - 2 scrolls of enchant weapon {unknown}
 s - a scroll of fear {unknown}
 t - 3 scrolls of noise {unknown}
 u - a scroll of summoning {unknown}
 w - 3 scrolls of amnesia {unknown}
 C - a scroll of brand weapon {unknown}
 F - 2 scrolls of enchant armour {unknown}
 J - a scroll of immolation {unknown}
Potions
 e - 2 potions of lignification {unknown}
 f - 3 potions of heal wounds {unknown}
 g - 2 potions of mutation {unknown}
 k - a potion of cancellation {unknown}
 p - 3 potions of flight {unknown}
 z - 3 potions of curing {unknown}
 D - a potion of attraction {unknown}
 H - 2 potions of ambrosia {unknown}


   Skills:
 - Level 7.3 Fighting
 - Level 7.6 Maces & Flails
 - Level 6.6 Armour
 - Level 7.3 Dodging
 - Level 2.4 Stealth
 + Level 3.3 Spellcasting
 + Level 4.2 Conjurations
 - Level 4.4 Ice Magic


You had 5 spell levels left.
You knew the following spells:

 Your Spells              Type           Power      Damage    Failure   Level
a - Freeze                Ice            60%        1d8       1%          1
b - Ozocubu's Armour      Ice            15%        N/A       4%          3
c - Frozen Ramparts       Ice            30%        1d5       4%          3
d - Hailstorm             Conj/Ice       15%        3d5       13%         4

Your spell library contained the following spells:

 Spells                   Type           Power      Damage    Failure   Level


Dungeon Overview and Level Annotations

Branches:
Dungeon (10/15)            Temple (1/1) D:5
   Lair: D:8-11         Orc: D:9-12

Altars:
Ashenzari
Cheibriados
Dithmenos
Elyvilon
Fedhas
Gozag
Hepliaklqana
Kikubaaqudgha
Makhleb
Nemelex Xobeh
Okawaru
Qazlal
Ru
Sif Muna
Trog
Uskayaw
Vehumet
Wu Jian
Xom
Yredelemnul
Zin
The Shining One

Annotations:
D:10 Urug


Innate Abilities, Weirdness & Mutations

You have razor-sharp teeth.
Your natural rate of healing is unusually fast.
When hurt, damage is shared between your health and your magic reserves.
Your bite disrupts and absorbs the magic of your enemies.
Potions cannot restore your health.


Message History

Urug the Orcish Ballista comes into view.
She is wielding a +3 battleaxe of freezing.
There is an open door here.
Urug is nearby!
Urug is nearby!
Urug is nearby!
Urug shouts!
Urug throws a javelin.
The javelin completely misses you.
There is an open door here.
You start waiting.
Urug is nearby!
Urug throws a javelin.
The javelin completely misses you.
Casting: Ozocubu's Armour (dangerous; 4% risk of failure)
Confirm with . or Enter, or press ? or * to list all spells.
Casting: Frozen Ramparts (dangerous; 4% risk of failure)
Press: ? - help, Dir - look around, f - activate The walls around you are covered in ice.
The wall freezes Urug.
Urug grins evilly.
Unknown command.
Casting: Frozen Ramparts (dangerous; 4% risk of failure)
Confirm with . or Enter, or press ? or * to list all spells.
A film of ice covers your body!
The wall freezes Urug.
Urug hits you with a +3 battleaxe of freezing!!
Urug freezes you!
Unknown command.
Unknown command.
You hit Urug but do no damage. You bite Urug, but do no damage.
Urug is lightly wounded.
The wall freezes Urug.
Urug hits you with a +3 battleaxe of freezing!
Urug freezes you.
Unknown command.
You bludgeon Urug!!
Urug is heavily wounded.
The wall freezes Urug.
Urug grins evilly.
Urug hits you with a +3 battleaxe of freezing!!
* * * LOW HITPOINT WARNING * * *
Urug freezes you.
You die...

.. #....≈.≈.≈≈..... #.
#.............. .
##.### #.............
.<
.....###..........###.+
.....#.†..........#...#
.....#)#.........)..#
.......#..........###
.....###########.##
###.## ###@# ....#
#.o.# ##### ######'###
##### #........# ....#
+........# ....+
#........# ....#
#........+ ....#
#........# ....#
#......>.#


You could see Urug.

Vanquished Creatures
  2 two-headed ogres
  Sonja (D:10)
  Pikel (D:4)
  A centaur zombie (D:10)
  An unseen horror (D:10)
  A freezing wraith (D:9)
  A troll (D:10)
  3 wyverns
  2 wraiths (D:9)
  A shadow (D:9)
  A vampire (D:9)
  Eustachio (D:4)
  A steam dragon (D:8)
  Edmund (D:4)
  An acid dragon (D:6)
  A water moccasin (D:7)
  A water moccasin (shapeshifter) (D:8)
  6 orc warriors
  2 ice beasts
  2 sky beasts (D:6)
  A necrophage (D:4)
  2 centaurs
  3 ogres
  2 phantoms (D:5)
  A wolf (D:10)
  A kobold brigand (D:7)
  4 bullfrogs
  4 scorpions
  2 gnoll sergeants
  A killer bee (D:8)
  4 wights
  A howler monkey (D:5)
  7 hounds
  3 jellies
  A bullfrog skeleton (D:5)
  5 orc priests
  2 centaur skeletons
  10 orc wizards
  Natasha (thrice) (D:4)
  3 howler monkey zombies
  A howler monkey skeleton (D:4)
  11 gnolls
  6 adders
  A shadow imp (D:6)
  4 white imps
  2 ufetubi
  2 worms (D:2)
  5 dart slugs
  37 orcs
  4 endoplasms
  2 giant cockroaches
  6 hobgoblins
  2 jackals (D:1)
  11 kobolds
  5 quokkas
  6 ball pythons
  7 bats
  4 frilled lizards
  8 goblins
  5 rats (D:1)
220 creatures vanquished.

Vanquished Creatures (others)
  8 plants (D:3)
8 creatures vanquished.

Grand Total: 228 creatures vanquished

Notes
Turn   | Place    | Note
-------+----------+-------------------------------------------
     0 | D:1      | Stomo the Vine Stalker Ice Elementalist began the quest for
                  | the Orb.
     0 | D:1      | Reached XP level 1. HP: 9/9 MP: 4/4
   354 | D:1      | Reached XP level 2. HP: 6/13 MP: 1/6
   729 | D:1      | Reached XP level 3. HP: 7/16 MP: 5/7
  1102 | D:1      | Found a faded altar of an unknown god.
  1161 | D:2      | Reached skill level 1 in Maces & Flails
  1547 | D:2      | Gained mutation: Your natural rate of healing is unusually
                  | fast. [Vine Stalker growth]
  1547 | D:2      | Reached XP level 4. HP: 17/21 MP: 4/9
  1902 | D:2      | Found a snail-covered altar of Cheibriados.
  3136 | D:3      | Reached XP level 5. HP: 23/24 MP: 5/10
  3473 | D:4      | Noticed Eustachio
  3480 | D:4      | Noticed an ogre
  3574 | D:4      | Learned a level 3 spell: Ozocubu's Armour
  3602 | D:4      | Noticed an ogre
  3641 | D:4      | Killed an ogre
  3642 | D:4      | Reached skill level 1 in Armour
  3642 | D:4      | Reached XP level 6. HP: 24/28 MP: 0/11
  3762 | D:4      | Noticed Natasha
  3770 | D:4      | Killed Natasha
  3793 | D:4      | Noticed Natasha
  3807 | D:4      | Killed Natasha
  3844 | D:4      | Noticed Pikel
  3910 | D:4      | Killed Pikel
  3911 | D:4      | Reached XP level 7. HP: 4/32 MP: 1/12
  4024 | D:4      | Learned a level 3 spell: Frozen Ramparts
  4029 | D:4      | Learned a level 4 spell: Hailstorm
  4195 | D:4      | Noticed Edmund
  4294 | D:4      | Reached skill level 1 in Fighting
  4294 | D:4      | Reached skill level 1 in Conjurations
  4484 | D:4      | Killed Edmund
  4485 | D:4      | Gained mutation: You have razor-sharp teeth. [Vine Stalker
                  | growth]
  4485 | D:4      | Reached XP level 8. HP: 17/28 MP: 0/13
  4999 | D:4      | Killed Eustachio
  5052 | D:4      | Noticed Natasha
  5057 | D:4      | Killed Natasha
  5704 | D:5      | Entered Level 5 of the Dungeon
  5876 | D:5      | Reached XP level 9. HP: 42/45 MP: 7/14
  6026 | D:5      | Found a staircase to the Ecumenical Temple.
  6044 | Temple   | Entered the Ecumenical Temple
  6093 | Temple   | Became a worshipper of the Wu Jian Council
  7261 | D:6      | Reached skill level 5 in Dodging
  7270 | D:6      | Reached skill level 5 in Maces & Flails
  8051 | D:6      | Reached skill level 5 in Fighting
  8684 | D:7      | Reached * piety under Wu Jian
  9363 | D:7      | Reached XP level 10. HP: 38/51 MP: 1/15
  9803 | D:8      | Reached skill level 5 in Armour
  9847 | D:8      | Found an ancient bone altar of Kikubaaqudgha.
  9942 | D:8      | Found a large runed translucent door.
 10121 | D:8      | Found a large runed translucent door.
 11065 | D:8      | Found a sparkling altar of Nemelex Xobeh.
 11089 | D:8      | Reached ** piety under Wu Jian
 11701 | D:8      | Found a shadowy altar of Dithmenos.
 11714 | D:8      | Found a sacrificial altar of Ru.
 12091 | D:9      | Noticed a two-headed ogre
 12120 | D:9      | Killed a two-headed ogre
 12753 | D:10     | Entered Level 10 of the Dungeon
 12753 | D:10     | Noticed Sonja
 12767 | D:9      | Reached XP level 11. HP: 37/58 MP: 10/16
 12807 | D:10     | Killed Sonja
 12916 | D:10     | Noticed a two-headed ogre
 12929 | D:10     | Killed a two-headed ogre
 13075 | D:10     | Noticed Urug
 13088 | D:10     | Slain by Urug

Illustrated notes

Levels and vault maps discovered:
D:1:      shiori_arrival_oz, layout_rooms, shapermc_ecumenical_altar_mp_vishouse
D:2:      layout_rooms, basic_altar, chequers_serial_rivers_small_3
D:3:      wander_river, layout_basic, serial_forest, infiniplex_forest_end_2,
          infiniplex_forest_clump_curved, infiniplex_forest_clump_tiny,
          infiniplex_forest_end_1, infiniplex_forest_straight_2,
          infiniplex_forest_clump_C, infiniplex_forest_clump_small,
          infiniplex_forest_end_1
D:4:      layout_basic, uniq_pikel, uniq_eustachio, uniq_natasha, uniq_edmund
D:5:      minmay_general_purpose_star, layout_loops_cross,
          minmay_temple_entry_stoned_glass
D:6:      layout_basic
D:7:      layout_basic, minmay_holes, grunt_ogre_cave, interstate_on_off
D:8:      layout_layer_cave, jmf_multi_god_temple2, minmay_splitting_lines,
          hangedman_feature_mirror, st_stairs_2, grunt_decor_resistance,
          kennysheep_just_a_vault
D:9:      layout_cave_pools, nrook_loot_triangle
D:10:     layout_roguey, erik_lair_island, orc_0_dummy, eino_house_with_fridge,
          uniq_urug, uniq_fannar, uniq_sonja
Temple:   regret_index_temple_chain_breaker

Skill      XL: |  1  2  3  4  5  6  7  8  9 10 11 |
---------------+----------------------------------+-----
Dodging        | 2 3 4 5 6 7 |  7.3
Maces & Flails | 1 2 4 5 7 |  7.6
Armour         | 1 3 4 6 |  6.6
Fighting       | 2 4 5 6 7 |  7.3
Conjurations   | 2 3 4 |  4.2
Spellcasting   | 3 |  3.3
Stealth        | |  2.4
Ice Magic      | |  4.4

Action                   |  1- 3 |  4- 6 |  7- 9 | 10-12 || total
-------------------------+-------+-------+-------+-------++-------
Melee: Mace              |    25 |    56 |     5 |       ||    86
       Bite              |     4 |    15 |    45 |    50 ||   114
       Whip              |       |       |     7 |       ||     7
       Flail             |       |       |   167 |   166 ||   333
       Punch             |       |       |     6 |     2 ||     8
 Cast: Freeze            |    34 |    83 |    30 |     5 ||   152
       Ozocubu's Armour  |       |     6 |    17 |    28 ||    51
       Frozen Ramparts   |       |       |    44 |    35 ||    79
       Hailstorm         |       |       |    10 |    16 ||    26
Invok: Lunge             |       |       |     6 |     4 ||    10
       Whirlwind         |       |       |       |     3 ||     3
  Use: Scroll            |       |     2 |       |       ||     2
 Stab: Sleeping          |       |     1 |     1 |     1 ||     3
Armor: Robe              |     9 |    14 |       |       ||    23
       Leather armour    |       |       |    32 |       ||    32
       Acid dragon scale |       |       |     8 |    14 ||    22
       Steam dragon scal |       |       |       |    44 ||    44
Dodge: Dodged            |    39 |    82 |   137 |   190 ||   448
       Repelled          |       |     1 |     2 |     2 ||     5
